 Dungeon Crawl Stone Soup version 0.30-a0-528-g8c47a4955b (webtiles) character file.

Game seed: 16263273904766881565

2555900 ragingrage the Metallomancer (level 27, 176/217 HPs)
             Began as a Demonspawn Artificer on Dec 23, 2022.
             Was the Champion of Nemelex Xobeh.
             Escaped with the Orb
             ... and 5 runes!
             The game lasted 03:25:34 (95774 turns).

ragingrage the Metallomancer (DsAr)                Turns: 95774, Time: 03:25:35

Health: 176/217    AC: 17    Str: 17    XL:     27
Magic:  2/41       EV: 27    Int: 28    God:    Nemelex Xobeh [******]
Gold:   7167       SH: 22    Dex: 22    Spells: 12/54 levels left

rFire   + + .      SeeInvis +    a - staff of earth
rCold   + + +      Faith    .    m - +2 shield of Resistance {rF++ rC++ Will++}
rNeg    . . .      Spirit   .    S - +4 troll leather armour {Snorg}
rPois   +          Reflect  .    y - +0 hat of Vehumet's Hope {rElec rCorr Dex+4 SInv}
rElec   +          Harm     .    K - +0 cloak "Sudoemiu" {*Corrode rPois rC- Regen+}
rCorr   +          Rampage  .    (gloves unavailable)
Will    +++++                    M - +2 pair of boots "Homey" {+Inv Stlth+}
Stlth   +++                      W - amulet of the Leaping Scavenger {RegenMP Drain +Inv rPois rCorr}
HPRegen 2.16/turn                w - ring "Unueklett" {Wiz rC++ Stlth+}
MPRegen 0.67/turn                q - ring "Zeuluwn" {EV+4 Str-2 Int+8}

@: agile, studying Shields
A: rugged brown scales 3, hurl damnation, powered by pain 3, torment resistance
1, demonic magic 3, demonic willpower, demonic touch 3, large bone plates 1,
thin skeletal structure 1, strong 1, subdued magic 1
0: Orb of Zot
}: 5/15 runes: decaying, serpentine, slimy, silver, abyssal
a: Hurl Damnation, Renounce Religion, Evoke Invisibility, Draw Escape, Draw
Destruction, Draw Summoning, Draw Stack, Triple Draw, Deal Four, Stack Five


You escaped.
You worshipped Nemelex Xobeh.
Nemelex Xobeh was exalted by your worship.
You visited 11 branches of the dungeon, and saw 53 of its levels.
You visited the Abyss 1 time.
You visited 1 bazaar.
You also visited: Gauntlet and Wizlab.

You collected 11574 gold pieces.
You spent 4407 gold pieces at shops.

Inventory:

Hand Weapons
 b - a +4 dagger of freezing
Missiles
 v - 3 throwing nets
 G - 15 curare-tipped darts
Armour
 i - the +5 chain mail of Indemnity {Harm *Corrode Regen+ Str+2 Dex+6}
   (You found it on level 4 of the Depths)

   Str:       It affects your strength (+2).
   Dex:       It affects your dexterity (+6).
   Regen:     It increases your rate of health regeneration.
   *Corrode:  It may corrode you when you take damage.
   Harm:      It increases damage dealt and taken.
 m - the +2 shield of Resistance (worn) {rF++ rC++ Will++}
   (You found it on level 3 of the Vaults)

   rF:        It greatly protects you from fire.
   rC:        It greatly protects you from cold.
   Will:      It greatly increases your willpower.
 r - the +1 chain mail "Naitt" {rF+ Str+3 Int+5}
   (You found it on level 2 of the Elven Halls)

   Str:       It affects your strength (+3).
   Int:       It affects your intelligence (+5).
   rF:        It protects you from fire.
 y - the +0 hat of Vehumet's Hope (worn) {rElec rCorr Dex+4 SInv}
   (You found it on level 4 of the Vaults)

   Dex:       It affects your dexterity (+4).
   rElec:     It insulates you from electricity.
   SInv:      It lets you see invisible.
   rCorr:     It protects you from acid and corrosion.
 K - the +0 cloak "Sudoemiu" (worn) {*Corrode rPois rC- Regen+}
   (You acquired it on level 12 of the Dungeon)

   rC:        It makes you vulnerable to cold.
   rPois:     It protects you from poison.
   Regen:     It increases your rate of health regeneration.
   *Corrode:  It may corrode you when you take damage.
 M - the +2 pair of boots "Homey" (worn) {+Inv Stlth+}
   (You found it on level 2 of the Elven Halls)

   +Inv:      It lets you turn invisible.
   Stlth:     It makes you more stealthy.
 S - a +4 troll leather armour (worn) {Snorg}
Magical Staves
 a - a staff of earth (weapon)
Jewellery
 q - the ring "Zeuluwn" (right hand) {EV+4 Str-2 Int+8}
   (You acquired it on level 3 of the Realm of Zot)

   [ring of evasion]

   EV:        It affects your evasion (+4).
   Str:       It affects your strength (-2).
   Int:       It affects your intelligence (+8).
 w - the ring "Unueklett" (left hand) {Wiz rC++ Stlth+}
   (You found it on level 5 of the Dungeon)

   [ring of wizardry]

   It improves your spell success rate.
   rC:        It greatly protects you from cold.
   Stlth:     It makes you more stealthy.
 C - the ring "Hynnud" {rN+ Will+}
   (You found it on level 5 of the Pits of Slime)

   [ring of willpower]

   rN:        It protects you from negative energy.
   Will:      It increases your willpower.
 W - the amulet of the Leaping Scavenger (around neck) {RegenMP Drain +Inv rPois rCorr}
   (You took it off a mummy priest on level 3 of the Elven Halls)

   [amulet of magic regeneration]

   It increases your rate of magic regeneration.
   rPois:     It protects you from poison.
   +Inv:      It lets you turn invisible.
   rCorr:     It protects you from acid and corrosion.
   Drain:     It drains your maximum health when unequipped.
Wands
 d - a wand of charming (87)
 e - a wand of flame (115)
 f - a wand of iceblast (2)
 h - a wand of light (5)
 P - a wand of roots (25)
 V - a wand of digging (23)
 X - a wand of mindburst (24)
Scrolls
 c - 30 scrolls of teleportation
 p - 9 scrolls of fog
 u - 9 scrolls of poison
 B - 10 scrolls of vulnerability
 D - 5 scrolls of magic mapping
 F - 4 scrolls of torment
 L - 11 scrolls of fear
 N - 7 scrolls of immolation
 R - 2 scrolls of butterflies
 T - 5 scrolls of blinking
Potions
 g - 15 potions of heal wounds
 j - 8 potions of magic
 s - 11 potions of flight
 t - 20 potions of curing
 x - 6 potions of cancellation
 z - 7 potions of might
 A - 9 potions of mutation
 E - 11 potions of lignification
 H - 6 potions of invisibility
 I - 6 potions of berserk rage
 J - 4 potions of brilliance
 Q - 5 potions of haste
 Y - 6 potions of ambrosia
 Z - 3 potions of resistance
Miscellaneous
 k - a tin of tremorstones (2/2)
 l - a condenser vane
 n - a lightning rod (4/4)
 o - a phial of floods
 O - a phantom mirror
 U - a box of beasts (inert)


   Skills:
 - Level 13.7 Fighting
 - Level 10.0 Short Blades
 - Level 10.0 Armour
 - Level 10.0 Dodging
 - Level 13.0 Stealth
 + Level 17.0 Shields
 - Level 14.0 Spellcasting
 - Level 15.0 Conjurations
 - Level 15.0 Summonings
 - Level 7.0 Necromancy
 - Level 4.0 Translocations
 - Level 9.3 Transmutations
 * Level 23.9 Earth Magic
 - Level 15.0 Invocations
 - Level 12.0 Evocations


You had 12 spell levels left.
You knew the following spells:

 Your Spells              Type           Power      Damage    Failure   Level
a - Borgnjor's Vile Clut  Necr/Erth      44%        N/A       1%          5
b - Spellforged Servitor  Conj/Summ      34%        N/A       2%          7
c - Passwall              Tmut/Erth      76%        N/A       0%          2
d - Lee's Rapid Deconstr  Erth           54%        3d25*     0%          5
e - Statue Form           Tmut/Erth      61%        N/A       1%          6
f - Iron Shot             Conj/Erth      49%        9d9       1%          6
g - Shatter               Erth           54%        3d41*     9%          9
h - Blink                 Tloc           64%        N/A       1%          2

Your spell library contained the following spells:

 Spells                   Type           Power      Damage    Failure   Level
 Magic Dart               Conj           100%       1d8       0%          1
 Sandblast                Erth           100%       2d20      0%          1
 Call Imp                 Summ           68%        N/A       0%          2
 Call Canine Familiar     Summ           68%        N/A       0%          3
 Stone Arrow              Conj/Erth      100%       3d13      0%          3
 Apportation              Tloc           64%        N/A       1%          1
 Beastly Appendage        Tmut           100%       N/A       1%          1
 Kiss of Death            Conj/Necr      100%       2d13      1%          1
 Slow                     Hex            60%        N/A       1%          1
 Cigotuvi's Dreadful Rot  Necr/Pois/Air  50%        N/A       1%          2
 Momentum Strike          Conj/Tloc      100%       3d10      1%          2
 Static Discharge         Conj/Air       94%        2-6/arc   1%          2
 Wereblood                Tmut           53%        N/A       1%          2
 Gell's Gravitas          Tloc           32%        N/A       1%          3
 Hailstorm                Conj/Ice       47%        3d11      1%          3
 Ignite Poison            Fire/Tmut/Pois 28%        N/A       1%          3
 Lesser Beckoning         Tloc           64%        N/A       1%          3
 Mephitic Cloud           Conj/Pois/Air  36%        N/A       1%          3
 Portal Projectile        Hex/Tloc       46%        N/A       1%          3
 Spider Form              Tmut/Pois      35%        N/A       1%          3
 Teleport Other           Tloc           32%        N/A       1%          3
 Vampiric Draining        Necr           45%        2d9       1%          3
 Vhi's Electric Charge    Tloc/Air       46%        N/A       1%          3
 Dispel Undead            Necr           45%        3d17      1%          4
 Fulminant Prism          Conj/Hex       23%        3d12      1%          4
 Iskenderun's Mystic Bla  Conj/Tloc      54%        2d12      1%          4
 Leda's Liquefaction      Hex/Erth       39%        N/A       1%          4
 Petrify                  Tmut/Erth      92%        N/A       1%          4
 Sticky Flame             Conj/Fire      47%        2d6       1%          4
 Summon Lightning Spire   Summ/Air       47%        N/A       1%          4
 Arcjolt                  Conj/Air       23%        1d33      1%          5
 Blade Hands              Tmut           26%        N/A       1%          5
 Iskenderun's Battlesphe  Conj           68%        2d12      1%          5
 Lightning Bolt           Conj/Air       23%        1d39      1%          5
 Summon Forest            Summ/Tloc      27%        N/A       1%          5
 Summon Mana Viper        Hex/Summ       47%        N/A       1%          5
 Summon Cactus Giant      Summ           34%        N/A       1%          6
 Ensorcelled Hibernation  Hex/Ice        30%        N/A       2%          2
 Poisonous Vapours        Pois/Air       30%        N/A       2%          2
 Kindle Blastsparks       Fire/Tloc/Air  40%        2d13      2%          3
 Ice Form                 Ice/Tmut       35%        N/A       2%          4
 Summon Hydra             Summ           34%        N/A       2%          7
 Passage of Golubria      Tloc           32%        N/A       3%          4
 Lehudib's Crystal Spear  Conj/Erth      49%        10d12     3%          8
 Confusing Touch          Hex            15%        N/A       4%          3
 Frozen Ramparts          Ice            30%        1d5       4%          3
 Inner Flame              Hex/Fire       15%        N/A       4%          3
 Ozocubu's Armour         Ice            15%        N/A       4%          3
 Swiftness                Air            15%        N/A       4%          3
 Tukima's Dance           Hex            15%        N/A       4%          3
 Anguish                  Hex/Necr       15%        N/A       4%          4
 Freezing Cloud           Conj/Ice/Air   18%        6-21      6%          5
 Alistair's Intoxication  Tmut/Pois      23%        N/A       7%          5
 Yara's Violent Unravell  Hex/Tmut       17%        3d8       7%          5
 Conjure Ball Lightning   Conj/Air       23%        3x3d6     12%         6
 Death Channel            Necr           22%        N/A       14%         6
 Airstrike                Air            7%         2d(2-18)  16%         4
 Cause Fear               Hex            7%         N/A       16%         4
 Summon Horrible Things   Summ           34%        N/A       24%         8
 Malign Gateway           Summ/Tloc      27%        N/A       28%         7
 Eringya's Noxious Bog    Tmut/Pois      17%        N/A       38%         6
 Metabolic Englaciation   Hex/Ice        7%         N/A       43%         5
 Silence                  Hex/Air        7%         N/A       43%         5
 Simulacrum               Ice/Necr       15%        N/A       52%         6
 Necromutation            Tmut/Necr      25%        N/A       98%         8
 Borgnjor's Revivificati  Necr           22%        N/A       99%         8
 Enfeeble                 Hex            7%         N/A       100%        7
 Ozocubu's Refrigeration  Ice            7%         4d9       100%        7
 Discord                  Hex            7%         N/A       100%        8
 Disjunction              Tloc           16%        N/A       100%        8
 Ignition                 Fire           7%         3d5       100%        8
 Chain Lightning          Conj/Air       23%        3d31      100%        9
 Death's Door             Necr           22%        N/A       100%        9
 Fire Storm               Conj/Fire      23%        8d6       100%        9
 Polar Vortex             Ice            7%         N/A       100%        9


Dungeon Overview and Level Annotations

Branches:
Dungeon (15/15)            Temple (1/1) D:5            Lair (5/5) D:10
  Swamp (4/4) Lair:3        Snake (4/4) Lair:3        Slime (5/5) Lair:4
    Orc (2/2) D:9             Elf (3/3) Orc:2        Vaults (5/5) D:13
  Crypt (0/3) Vaults:2     Depths (4/4) D:15            Zot (5/5) Depths:4
 WizLab (visited)         Gauntlet (visited)

Altars:
Ashenzari
Gozag
Makhleb
Nemelex Xobeh
Ru
Sif Muna
Trog
Vehumet
Xom
Yredelemnul

Shops:
D:6 :[[*(   D:7 !?   Orc:2 ?:(!   Elf:1 [   Elf:2 =

Portals:
Hell: Depths:2 Depths:3 Depths:4
Abyss: Depths:1 Depths:2 Depths:3 Depths:4
Pandemonium: Depths:2
Ziggurat: Depths:2

Annotations:
D:3 exclusion: downstairs
D:4 exclusion: downstairs
D:8 exclusion: downstairs
D:9 Pikel
Lair:4 exclusions: downstairs and oklob plant
Snake:2 exclusion: downstairs
Slime:4 exclusion: downstairs
Orc:1 1 runed translucent door
Elf:1 6 runed translucent doors
Elf:2 3 runed translucent doors
Depths:1 exclusion: hellion
Depths:4 5 runed translucent doors
Zot:4 exclusion: downstairs


Innate Abilities, Weirdness & Mutations

You are completely covered in rugged brown scales. (AC +3, +7% HP)
You can hurl damnation.
You are powered by pain.
You are resistant to unholy torment.
Spells you cast and wands you use may paralyse nearby enemies.
You punish those that try to bend your will. (Will+)
Your touch may irresistibly damage your foes and sap their willpower.
You are partially covered in large bone plates. (SH +4)
You have a somewhat thin skeletal structure. (Dex +2, Stealth+)
Your muscles are strong. (Str +4, Int/Dex -1)
Your spells are a little easier to cast, but a little less powerful.


Message History

Malevolent energies surge around you.
Your Shields skill increases to level 17!
Aiming: Iron Shot (safe; 1% risk of failure)
Press: ? - help, Q - select action, (/) - cycle Shift-Dir - straight line, f - you You feel a surge of power!
That beam is likely to hit you.
Continue anyway?
Okay, then.
You start resting.
A Hell Sentinel comes into view.
Aiming: Iron Shot (safe; 1% risk of failure)
Press: ? - help, Q - select action, (/) - cycle Shift-Dir - straight line, f - Hell Sentinel
Aim: a Hell Sentinel (98% to hit)
You feel a surge of power!
The iron shot hits the Hell Sentinel!!
The Hell Sentinel is lightly wounded.
Malevolent energies surge around you.
Aiming: Iron Shot (safe; 1% risk of failure)
Press: ? - help, Q - select action, (/) - cycle Shift-Dir - straight line, f/p - Hell Sentinel
Aim: a Hell Sentinel (lightly wounded, 98% to hit)
You feel a surge of power!
The iron shot hits the Hell Sentinel!!!
The Hell Sentinel is heavily wounded.
Malevolent energies surge around you.
Aiming: Iron Shot (safe; 1% risk of failure)
Press: ? - help, Q - select action, (/) - cycle Shift-Dir - straight line, f/p - Hell Sentinel
Aim: a Hell Sentinel (heavily wounded, 98% to hit)
You feel a surge of power!
The iron shot hits the Hell Sentinel!!
The Hell Sentinel is heavily wounded.
Malevolent energies surge around you.
Aiming: Iron Shot (safe; 1% risk of failure)
Press: ? - help, Q - select action, (/) - cycle Shift-Dir - straight line, f/p - Hell Sentinel
Aim: a Hell Sentinel (heavily wounded, 98% to hit)
You feel a surge of power!
The iron shot hits the Hell Sentinel!!
The Hell Sentinel is severely wounded.
Malevolent energies surge around you. The Hell Sentinel gestures at you.
The sphere of damnation explodes!
The damnation engulfs you!!!
You focus on the pain.
You feel agile all of a sudden.
The damnation engulfs the Hell Sentinel.
The Hell Sentinel completely resists.
You have escaped!

#÷#...############..###### #
#.#...#P~~≈≈≈≈≈~~P.......####
#####.......P~≈≈≈≈≈~P...####.....
...####.###...~~≈≈~P....# ######
##.#...........≈~≈P....##
##.#.##.##.....P~P.....#
.....##.##......P......#
##.#.##..#.............#
...#.###.#......@......#
...#.###.#......1.....##
.#.#............P.....#
.#.#...........P~P....#
.#.#####.##...P~~~P...# ##.#
#.......P~~≈~~P..# ...#
#......P~~≈~≈~~P.# ####
#.....P~~~≈≈≈≈≈~P#
#.....############


You could see a Hell Sentinel.

Vanquished Creatures
  5 dread liches
  3 orbs of fire (Zot:5)
  Mennas (Vaults:3)
  4 ancient liches
  A juggernaut (Depths:3)
  2 pandemonium lords (Depths:4)
  Sojobo (Vaults:4)
  Parghit (Depths:4)
  Bai Suzhen (D:15)
  Margery (Vaults:4)
  5 Killer Klowns
  Xtahua (Depths:3)
  Saint Roka (Orc:2)
  4 caustic shrikes (Depths:4)
  2 curse toes
  Nikola (Depths:1)
  9 golden dragons
  A bone dragon (Depths:4)
  A profane servitor (Depths:4)
  19 tentacled monstrosities
  2 electric golems (Zot:5)
  Asterion (Vaults:1)
  A walking earthen tome (Depths:2)
  5 liches
  2 deep elf master archers (Elf:3)
  5 quicksilver dragons
  2 deep elf blademasters (Elf:3)
  22 Orb Guardians
  A titan (Vaults:5)
  16 acid blobs
  7 death cobs
  9 tengu reavers
  Frances (D:14)
  9 draconian monks
  13 storm dragons
  The ghost of SirFunk the Warrior, an adept DjHW of Ru (Swamp:3)
  A storm dragon (shapeshifter) (Vaults:5)
  13 shadow dragons
  2 thorn hunters
  4 frost giants
  3 fenstrider witches
  6 deep elf sorcerers
  10 rockslimes
  8 azure jellies
  9 draconian knights
  An emperor scorpion (Vaults:2)
  Aizul (Depths:2)
  4 nagarajas
  An iron dragon (Depths:2)
  7 fire giants
  A balrug (Zot:3)
  7 draconian scorchers
  3 deep elf elementalists (Elf:3)
  19 vault wardens
  Louise (D:14)
  2 ghost moths
  2 orc warlords
  A cacodemon (Zot:4)
  2 spriggan defenders
  7 draconian shifters
  9 draconian annihilators
  4 draconian stormcallers
  15 ironbound preservers
  8 ironbound thunderhulks
  2 ghouls
  8 quicksilver oozes
  A quicksilver ooze (shapeshifter) (Vaults:5)
  16 stone giants
  12 green draconians
  3 vampire knights
  15 dire elephants
  2 eleionomae
  11 black draconians
  21 very ugly things
  9 deep elf demonologists
  12 red draconians
  9 spark wasps
  A bunyip (shapeshifter) (Vaults:5)
  10 deep elf annihilators
  15 purple draconians
  19 yellow draconians
  2 minotaurs
  16 white draconians
  2 bunyips
  A green death (Depths:2)
  A quicksilver dragon zombie (D:15)
  Azrael (D:13)
  The ghost of holysushi the Nimble, a journeyman DsNe of Makhleb (Lair:5)
  3 crystal guardians
  2 eidola
  A blizzard demon (Zot:2)
  11 ettins
  4 fire dragons
  6 deep elf death magi
  8 deep elf high priests
  4 peacekeepers
  A mummy priest (Elf:3)
  23 vault guards
  6 yaktaur captains
  22 hydras
  6 ice dragons
  3 salamander tyrants
  8 great orbs of eyes
  3 catoblepae
  2 rakshasas
  9 alligators
  8 ironbound frosthearts
  5 spriggan air magi
  A hell beast (D:1)
  4 ogre magi
  8 boulder beetles
  A two-headed ogre (shapeshifter) (Gauntlet)
  5 ghost crabs
  7 two-headed ogres
  8 anacondas
  6 centaur warriors
  17 dancing weapons
  8 deep troll shamans
  3 vampire magi
  17 naga warriors
  13 deep troll earth magi
  2 tengu warriors
  8 naga sharpshooters
  4 spriggan berserkers
  Nergalle (D:10)
  2 shock serpents
  9 hell knights
  6 orc high priests
  A sun demon (Depths:1)
  A fire crab (Lair:5)
  2 wretched stars
  Sonja (D:13)
  10 deep elf knights
  9 iron trolls
  4 goliath frogs
  A skeletal warrior (D:15)
  6 salamander mystics (Snake:4)
  10 large abominations
  4 spriggan druids
  A sea snake (shapeshifter) (Vaults:5)
  5 glowing orange brains
  A flayed ghost (Depths:4)
  13 deep elf archers
  67 deep trolls
  16 ironbound convokers
  A swamp dragon (shapeshifter) (D:15)
  9 swamp dragons
  6 lindwurms
  2 shadow demons (Elf:3)
  26 deep elf pyromancers
  3 naga ritualists
  5 phantasmal warriors
  A golden dragon skeleton (D:15)
  6 bog bodies
  12 wizards
  11 orc knights
  A mana viper (shapeshifter) (Elf:1)
  19 deep elf zephyrmancers
  7 mana vipers
  2 oklob plants (Lair:5)
  8 cyclopes
  5 manticores
  2 orc sorcerers
  10 harpies
  8 necromancers
  A will-o-the-wisp (Swamp:4)
  35 ugly things
  3 shining eyes
  21 salamanders
  25 moths of wrath
  2 frost giant skeletons (D:15)
  4 elephants
  25 vault sentinels
  27 black mambas
  17 naga magi
  A guardian serpent (Snake:3)
  3 smoke demons
  2 kobold demonologists (Elf:3)
  2 eyes of devastation (Slime:5)
  8 cane toads
  6 komodo dragons
  2 orange demons
  2 rime drakes (Lair:3)
  2 torpor snails
  7 unseen horrors
  A human zombie (Vaults:1)
  37 yaktaurs
  3 freezing wraiths
  4 tengu conjurers
  A tormentor (Zot:2)
  3 hellwings
  2 red devils (Depths:2)
  A guardian mummy (D:15)
  An ancient zyme (Abyss:4)
  An ice devil (Depths:2)
  A queen bee (Abyss:4)
  4 meliai (Abyss:4)
  9 tyrant leeches
  A yaktaur skeleton (Vaults:1)
  4 bloated husks
  A hornet (shapeshifter) (D:15)
  6 trolls
  6 polar bears (Lair:5)
  A tyrant leech (shapeshifter) (Vaults:2)
  Prince Ribbit (Temple)
  A tarantella (Vaults:2)
  A snapping turtle (Elf:3)
  21 hornets
  12 dream sheep
  3 raiju
  99 slime creatures
  A jumping spider (Vaults:5)
  A shadow (D:11)
  5 air elementals
  9 water elementals
  28 spriggans
  A culicivora (Orc:2)
  2 wraiths (D:11)
  8 wyverns
  37 yaks
  A ynoxinul (Depths:2)
  A basilisk (shapeshifter) (D:15)
  5 basilisks
  9 golden eyes
  9 fire elementals
  2 chaos spawn
  11 vampire mosquitoes
  Menkaure (D:5)
  3 steam dragons
  2 neqoxecs (Gauntlet)
  Edmund (D:5)
  A swamp worm (shapeshifter) (Depths:3)
  3 wargs (Orc:2)
  3 acid dragons
  40 nagas
  12 swamp worms
  An ogre zombie (Vaults:1)
  A hell hound (D:13)
  6 hydra simulacra (Depths:3)
  7 swamp drakes
  10 water moccasins
  38 orc warriors
  7 black bears
  2 ice beasts
  2 sky beasts
  An ice beast (shapeshifter) (Gauntlet)
  27 wolves
  10 boggarts
  19 ogres
  A wolf (shapeshifter) (Vaults:5)
  A centaur (shapeshifter) (Gauntlet)
  16 centaurs
  2 lemures (D:9)
  A nameless horror (Vaults:5)
  22 bullfrogs
  4 kobold brigands
  A necrophage (D:7)
  5 scorpions
  5 earth elementals
  5 wights (D:10)
  5 small abominations
  9 killer bees
  An electric eel (Lair:3)
  5 howler monkeys
  2 lava snakes (D:14)
  16 orc priests
  5 hounds
  2 jellies
  2 gnoll boudas
  21 orc wizards
  3 iguanas
  5 gnolls (D:7)
  7 adders
  3 shadow imps
  3 white imps
  An ufetubus (Abyss:4)
  3 worms
  2 dart slugs (D:1)
  102 orcs
  3 bats
  7 endoplasms
  4 giant cockroaches
  7 goblins
  8 hobgoblins
  7 jackals
  21 kobolds
  3 quokkas
  7 ball pythons
  5 frilled lizards
  4 rats
  A butterfly (Lair:3)
2147 creatures vanquished.

Vanquished Creatures (collateral kills)
  the Royal Jelly (Slime:5)
  A bone dragon (Abyss:4)
  6 Orb Guardians (Zot:5)
  3 tentacled monstrosities
  A quicksilver dragon (shapeshifter) (Vaults:5)
  A quicksilver dragon (Vaults:5)
  A deep elf blademaster (Elf:3)
  A death cob (Zot:4)
  A titan (Vaults:5)
  2 sphinxes (Vaults:5)
  3 thorn hunters
  A nagaraja (Snake:2)
  A storm dragon (Vaults:5)
  A rockslime (Slime:5)
  A deep elf sorcerer (Vaults:5)
  3 vault wardens (Vaults:5)
  A frost giant (Vaults:5)
  A very ugly thing (Vaults:5)
  A quicksilver ooze (Slime:5)
  A draconian annihilator (Zot:4)
  A stone giant (Vaults:5)
  A black draconian (Zot:5)
  A green draconian (Zot:4)
  A deep elf annihilator (Vaults:5)
  A purple draconian (Zot:5)
  2 ettins (Vaults:5)
  An ice dragon (Depths:3)
  14 vault guards (Vaults:5)
  3 hydras (Swamp:4)
  A boulder beetle (D:14)
  A deep troll shaman (Depths:3)
  An alligator (Swamp:3)
  A vampire mage (D:15)
  A tengu warrior (D:14)
  A sixfirhy (Zot:3)
  A goliath frog (Swamp:3)
  A wretched star (Abyss:4)
  A swamp dragon (Swamp:4)
  A deep troll (Depths:3)
  An orc knight (Vaults:5)
  3 harpies (Vaults:5)
  A cyclops (D:14)
  A manticore (Lair:5)
  3 ugly things (Depths:1)
  2 orc sorcerers
  4 elephants (Lair:5)
  A vault sentinel (Vaults:5)
  2 smoke demons (D:5)
  An orange demon (Depths:4)
  A torpor snail (Lair:5)
  2 cane toads (Lair:5)
  A freezing wraith (Vaults:5)
  2 komodo dragons (Lair:5)
  2 yaktaurs (Vaults:3)
  A tengu conjurer (D:14)
  A hellwing (D:5)
  A raiju (Abyss:4)
  2 blink frogs (Lair:5)
  4 slime creatures
  A culicivora (shapeshifter) (Vaults:5)
  A water elemental (Depths:3)
  9 yaks (Lair:5)
  A large abomination (Abyss:4)
  A hydra simulacrum (Depths:3)
  3 orc warriors
  A water moccasin (Lair:5)
  3 small abominations
  2 swamp drakes (Swamp:4)
  A white imp (Abyss:4)
  5 orcs
  3 briar patches (Swamp:2)
  2 starspawn tentacles (Abyss:4)
136 creatures vanquished.

Vanquished Creatures (others)
  A draconian knight (Zot:1)
  A frost giant (Zot:4)
  A goliath frog (Swamp:4)
  An air elemental (Elf:3)
  A swamp worm (Swamp:4)
  An ufetubus (D:4)
  2 orcs (Elf:1)
  4 foxfires (Swamp:4)
  35 fungi
  86 plants
  4 starspawn tentacles (Abyss:4)
  10 toadstools (Lair:3)
  9 withered plants (D:15)
156 creatures vanquished.

Grand Total: 2439 creatures vanquished

Notes
Turn   | Place    | Note
-------+----------+-------------------------------------------
     0 | D:1      | ragingrage the Demonspawn Artificer began the quest for the
                  | Orb.
     0 | D:1      | Reached XP level 1. HP: 15/15 MP: 1/1
   196 | D:1      | Gained mutation: Spells you cast may paralyse adjacent
                  | enemies. [demonic ancestry]
   196 | D:1      | Reached XP level 2. HP: 18/21 MP: 2/2
   479 | D:1      | Gained mutation: You sometimes gain a little power by
                  | taking damage. [demonic ancestry]
   479 | D:1      | Reached XP level 3. HP: 27/27 MP: 3/3
   556 | D:1      | Found a faded altar of an unknown god.
  1372 | D:2      | Gained mutation: Your touch may inflict minor irresistible
                  | damage on your foes. [demonic ancestry]
  1372 | D:2      | Reached XP level 4. HP: 33/34 MP: 4/4
  2184 | D:3      | Reached skill level 1 in Stealth
  2586 | D:3      | Reached skill level 1 in Short Blades
  2644 | D:4      | Noticed an ogre
  2654 | D:4      | Killed an ogre
  2655 | D:4      | Gained mutation: Spells you cast may paralyse nearby
                  | enemies. [demonic ancestry]
  2655 | D:4      | Reached XP level 5. HP: 40/40 MP: 5/5
  2979 | D:4      | Found a sacrificial altar of Ru.
  2993 | D:4      | Found a sparkling altar of Nemelex Xobeh.
  2997 | D:4      | Became a worshipper of Nemelex Xobeh the Trickster
  3034 | D:4      | Noticed an ogre
  3336 | D:5      | Entered Level 5 of the Dungeon
  3336 | D:5      | Noticed Edmund
  3375 | D:5      | Noticed a black bear
  3620 | D:5      | Found a staircase to the Ecumenical Temple.
  3652 | D:5      | Noticed an ogre
  3701 | D:4      | Learned a level 1 spell: Sandblast
  3753 | D:5      | Killed an ogre
  3754 | D:5      | Gained mutation: You are partially covered in rugged brown
                  | scales. (AC +1, +3% HP) [demonic ancestry]
  3754 | D:5      | Reached XP level 6. HP: 40/47 MP: 6/6
  3759 | D:5      | Reached skill level 1 in Earth Magic
  3765 | D:5      | Noticed Prince Ribbit
  3770 | Temple   | Entered the Ecumenical Temple
  3782 | Temple   | Killed Prince Ribbit
  3783 | Temple   | Reached skill level 2 in Earth Magic
  3783 | Temple   | Reached XP level 7. HP: 19/52 MP: 3/7
  4192 | D:5      | Identified the ring "Unueklett" {Wiz rC++ Stlth+}
  4371 | D:5      | Noticed Menkaure
  4501 | D:5      | Killed Edmund
  4502 | D:5      | Reached skill level 3 in Earth Magic
  4503 | D:6      | Found Tuicha's Antique Armour Shop.
  4506 | D:6      | Bought a runed ring mail for 154 gold pieces
  4622 | D:6      | Found Bead's Book Shoppe.
  4622 | D:6      | Found Oqopp's Armour Boutique.
  4640 | D:6      | Gained mutation: You are mostly covered in rugged brown
                  | scales. (AC +2, +5% HP) [demonic ancestry]
  4640 | D:6      | Reached XP level 8. HP: 49/59 MP: 2/8
  4690 | D:6      | Reached * piety under Nemelex Xobeh
  4694 | D:6      | Received a gift from Nemelex Xobeh
  4715 | D:6      | Found an opulent altar of Gozag.
  4754 | D:6      | Learned a level 3 spell: Stone Arrow
  4758 | D:6      | Identified the +1 scale mail "Useh" {Rampage rN+ Stlth-}
  4863 | D:6      | Found a burning altar of Makhleb.
  4998 | D:6      | Reached skill level 5 in Short Blades
  4998 | D:6      | Reached skill level 5 in Stealth
  5062 | D:6      | Found Xonibug's General Store.
  5071 | D:6      | Bought a potion of lignification for 42 gold pieces
  5263 | D:6      | Found Lilymoa's Antique Weapon Boutique.
  5451 | D:6      | Reached skill level 4 in Earth Magic
  5840 | D:6      | Received a gift from Nemelex Xobeh
  6255 | D:5      | Killed Menkaure
  6256 | D:5      | Reached skill level 1 in Conjurations
  6586 | D:4      | Reached ** piety under Nemelex Xobeh
  6586 | D:4      | Received a gift from Nemelex Xobeh
  6953 | D:7      | Reached skill level 5 in Earth Magic
  6990 | D:7      | Gained mutation: Spells you cast and wands you use may
                  | paralyse nearby enemies. [demonic ancestry]
  6990 | D:7      | Reached XP level 9. HP: 52/65 MP: 5/9
  7631 | D:6      | Bought a +2 cloak for 181 gold pieces
  7892 | D:7      | Found a basalt altar of Yredelemnul.
  7937 | D:7      | Found Yvoe's Distillery.
  8049 | D:7      | Found Ruczoz's Magic Scroll Shop.
  9044 | D:8      | Received a gift from Nemelex Xobeh
  9324 | D:8      | Reached skill level 5 in Conjurations
  9373 | D:8      | Reached XP level 10. HP: 59/72 MP: 1/10
  9742 | D:9      | Reached *** piety under Nemelex Xobeh
  9827 | D:7      | Bought a scroll of fear for 52 gold pieces
  9827 | D:7      | Bought a scroll of blinking for 97 gold pieces
  9886 | D:9      | Noticed Pikel
  9914 | D:9      | Reached skill level 1 in Invocations
 10043 | D:9      | Received a gift from Nemelex Xobeh
 10336 | D:9      | Reached skill level 1 in Spellcasting
 10392 | D:9      | Found a staircase to the Orcish Mines.
 10702 | D:9      | Reached skill level 5 in Evocations
 11965 | D:9      | Received a gift from Nemelex Xobeh
 12102 | D:10     | Entered Level 10 of the Dungeon
 12240 | D:10     | Reached skill level 6 in Earth Magic
 12308 | D:10     | Found a staircase to the Lair.
 12353 | D:10     | Reached XP level 11. HP: 77/77 MP: 11/15
 12419 | D:10     | Reached skill level 5 in Invocations
 12464 | D:10     | Noticed a two-headed ogre
 12471 | D:10     | Killed a two-headed ogre
 13268 | D:10     | Received a gift from Nemelex Xobeh
 13273 | D:10     | Noticed Nergalle
 13291 | D:10     | Killed Nergalle
 13408 | D:11     | Reached **** piety under Nemelex Xobeh
 13719 | D:11     | Noticed a red ugly thing
 13720 | D:11     | Noticed an orc knight
 13788 | D:11     | Noticed a boulder beetle
 13796 | D:11     | Killed a boulder beetle
 13797 | D:11     | Reached skill level 7 in Earth Magic
 13843 | D:11     | Noticed a two-headed ogre
 13849 | D:11     | Noticed a two-headed ogre
 13852 | D:11     | Killed a two-headed ogre
 13856 | D:11     | Noticed a boulder beetle
 13859 | D:11     | Killed a two-headed ogre
 13874 | D:11     | Killed a boulder beetle
 13875 | D:11     | Reached skill level 10 in Stealth
 14259 | D:7      | Bought a potion of haste for 120 gold pieces
 14889 | D:12     | Learned a level 2 spell: Passwall
 14929 | D:12     | Reached XP level 12. HP: 84/84 MP: 17/17
 14939 | D:12     | Received a gift from Nemelex Xobeh
 14972 | D:12     | Reached ***** piety under Nemelex Xobeh
 15186 | D:12     | Noticed a boulder beetle
 15196 | D:12     | Killed a boulder beetle
 15303 | D:12     | Received a gift from Nemelex Xobeh
 15361 | D:12     | Noticed a boulder beetle
 15369 | D:12     | Killed a boulder beetle
 15505 | D:12     | Noticed a boulder beetle
 15514 | D:12     | Killed a boulder beetle
 15707 | D:12     | Noticed a boulder beetle
 15719 | D:12     | Killed a boulder beetle
 15991 | Lair:1   | Entered Level 1 of the Lair of Beasts
 16063 | Lair:1   | Received a gift from Nemelex Xobeh
 16148 | Lair:1   | Learned a level 5 spell: Lee's Rapid Deconstruction
 16231 | Lair:1   | Reached skill level 10 in Short Blades
 16307 | Lair:1   | Reached skill level 1 in Dodging
 16472 | Lair:1   | Received a gift from Nemelex Xobeh
 16982 | Lair:2   | Received a gift from Nemelex Xobeh
 17709 | Lair:3   | Reached skill level 8 in Earth Magic
 18362 | Lair:3   | Found a staircase to the Snake Pit.
 18609 | Lair:3   | Noticed a seven-headed hydra
 18619 | Lair:3   | Killed a seven-headed hydra
 18686 | Lair:3   | Reached skill level 10 in Invocations
 18694 | Lair:3   | Noticed a catoblepas
 18694 | Lair:3   | Noticed a dire elephant
 18716 | Lair:3   | Found a runed translucent door.
 18785 | Lair:3   | Noticed a six-headed hydra
 18796 | Lair:3   | Killed a six-headed hydra
 18797 | Lair:3   | Gained mutation: Your touch may inflict irresistible damage
                  | on your foes. [demonic ancestry]
 18797 | Lair:3   | Reached XP level 13. HP: 92/92 MP: 18/20
 18861 | Lair:3   | Found a staircase to the Swamp.
 19122 | Lair:4   | Received a gift from Nemelex Xobeh
 19148 | Lair:4   | Noticed Nessos
 19152 | Lair:4   | Nessos changed into Nessos the glowing orange brain
 19152 | Lair:4   | Noticed Nessos
 19440 | Lair:4   | Killed Nessos the glowing orange brain
 19932 | Lair:4   | Found a staircase to the Slime Pits.
 19985 | Lair:4   | Found the +4 robe of Folly {Brilliance Will-∞ Int+8}
 20044 | Lair:4   | Reached ****** piety under Nemelex Xobeh
 20296 | Lair:5   | Entered Level 5 of the Lair of Beasts
 20518 | Lair:5   | Received a gift from Nemelex Xobeh
 20524 | Lair:5   | Noticed holysushi's ghost (journeyman DsNe)
 20717 | Lair:5   | Reached skill level 5 in Fighting
 20782 | Lair:5   | Reached skill level 9 in Earth Magic
 21149 | D:12     | Identified a scroll of acquirement
 21149 | D:12     | Acquired the +0 cloak "Sudoemiu" {*Corrode rPois rC-
                  | Regen+}
 21408 | Lair:5   | Reached skill level 5 in Dodging
 21584 | Lair:5   | Found a transporter.
 21586 | Lair:5   | Found a transporter.
 22420 | Lair:5   | Reached XP level 14. HP: 108/108 MP: 18/21
 23536 | D:13     | Noticed Sonja
 23538 | D:13     | Killed Sonja
 23539 | D:13     | Reached skill level 10 in Earth Magic
 23569 | D:13     | Received a gift from Nemelex Xobeh
 24082 | D:13     | Noticed Azrael
 24093 | D:13     | Killed Azrael
 24216 | D:13     | Received a gift from Nemelex Xobeh
 24641 | D:13     | Found a gate to the Vaults.
 25114 | D:14     | Identified the +9 falchion "Zanouh" {freeze, Fly rC+ Str+2}
 25338 | D:14     | Learned a level 4 spell: Petrify
 25466 | D:14     | Received a gift from Nemelex Xobeh
 25467 | D:14     | Noticed Louise
 25469 | D:14     | Upgraded the game from 0.30-a0-509-gd016549fea to
                  | 0.30-a0-528-g8c47a4955b
 25973 | Snake:1  | Entered Level 1 of the Snake Pit
 26166 | Snake:1  | Reached skill level 11 in Earth Magic
 26418 | Snake:1  | Found a sparkling altar of Nemelex Xobeh.
 26900 | Snake:1  | Reached XP level 15. HP: 108/119 MP: 11/24
 27061 | Snake:1  | Received a gift from Nemelex Xobeh
 27291 | Snake:2  | Noticed a nagaraja
 27312 | Snake:2  | Killed a nagaraja
 27322 | Snake:2  | You fall into a shaft and drop 1 floor!
 27798 | Snake:2  | Received a gift from Nemelex Xobeh
 27842 | Snake:2  | Reached skill level 10 in Fighting
 29150 | Snake:3  | Noticed a nagaraja
 29155 | Snake:3  | Killed a nagaraja
 29156 | Snake:3  | Reached skill level 12 in Earth Magic
 29959 | Snake:4  | Entered Level 4 of the Snake Pit
 30013 | Snake:4  | Received a gift from Nemelex Xobeh
 30353 | Snake:4  | Reached skill level 13 in Earth Magic
 30353 | Snake:4  | Gained mutation: You are completely covered in rugged brown
                  | scales. (AC +3, +7% HP) [demonic ancestry]
 30353 | Snake:4  | Reached XP level 16. HP: 120/130 MP: 27/27
 30677 | Snake:3  | Reached skill level 15 in Invocations
 31137 | Snake:3  | Identified the +8 shortbow of Responsibility {freeze, Fly
                  | rF++ rCorr Str-5}
 31618 | Snake:4  | Reached skill level 14 in Earth Magic
 33182 | Snake:4  | Reached skill level 15 in Earth Magic
 33605 | Snake:4  | Gained mutation: You sometimes gain power by taking damage.
                  | [demonic ancestry]
 33605 | Snake:4  | Reached XP level 17. HP: 136/136 MP: 6/28
 34284 | Snake:4  | Received a gift from Nemelex Xobeh
 34831 | Snake:4  | Got a serpentine rune of Zot
 35185 | Orc:1    | Entered Level 1 of the Orcish Mines
 35391 | Orc:1    | Received a gift from Nemelex Xobeh
 35420 | Orc:1    | Reached skill level 16 in Earth Magic
 35729 | Orc:1    | Found a runed translucent door.
 35999 | Orc:2    | Entered Level 2 of the Orcish Mines
 35999 | Orc:2    | Received a gift from Nemelex Xobeh
 36406 | Orc:2    | Received a gift from Nemelex Xobeh
 36841 | Orc:2    | Noticed Saint Roka
 37277 | Orc:2    | Killed Saint Roka
 37789 | Orc:2    | Found a staircase to the Elven Halls.
 37861 | Orc:2    | Found Qemiarem's Book Emporium.
 37861 | Orc:2    | Found Liuroes's Antique Weapon Shop.
 37863 | Orc:2    | Found Vicutis's Distillery.
 37865 | Orc:2    | Found Itutom's Magic Scroll Shoppe.
 37877 | Orc:2    | Bought 2 scrolls of acquirement for 1664 gold pieces
 37879 | Orc:2    | Acquired 889 gold pieces
 37881 | Orc:2    | Acquired a staff of earth
 38108 | Swamp:1  | Entered Level 1 of the Swamp
 38150 | Swamp:1  | Received a gift from Nemelex Xobeh
 39084 | Lair:3   | Reached skill level 17 in Earth Magic
 39937 | Swamp:1  | Received a gift from Nemelex Xobeh
 40611 | Swamp:1  | Paralysed by a fenstrider witch for 2 turns
 41676 | Swamp:3  | Identified the +3 executioner's axe "Gidaed" {vorpal, rElec
                  | Will- Int+7 SInv}
 41940 | Swamp:3  | Received a gift from Nemelex Xobeh
 42091 | Swamp:3  | Found a runed translucent door.
 42092 | Swamp:3  | Noticed SirFunk's ghost (adept DjHW)
 42157 | Swamp:3  | Received a gift from Nemelex Xobeh
 42434 | Swamp:4  | Entered Level 4 of the Swamp
 42665 | Swamp:4  | Received a gift from Nemelex Xobeh
 42694 | Swamp:4  | Gained mutation: You punish those that try to bend your
                  | will. (Will+) [demonic ancestry]
 42694 | Swamp:4  | Reached XP level 18. HP: 133/143 MP: 3/29
 43099 | Swamp:4  | Reached skill level 18 in Earth Magic
 44494 | Swamp:4  | Got a decaying rune of Zot
 44790 | D:15     | Entered Level 15 of the Dungeon
 44830 | D:15     | Found a gate leading to a gauntlet.
 44846 | Gauntlet | Entered a Gauntlet
 44846 | Gauntlet | Found a transporter.
 44846 | Gauntlet | Found a transporter.
 44850 | Gauntlet | Found a transporter.
 44852 | Gauntlet | Found a transporter.
 44857 | Gauntlet | Found a transporter.
 44881 | Gauntlet | Found a transporter.
 44883 | Gauntlet | Found a transporter.
 44886 | Gauntlet | Found a transporter.
 44906 | Gauntlet | Received a gift from Nemelex Xobeh
 44910 | Gauntlet | Found a transporter.
 44917 | Gauntlet | Found a transporter.
 44929 | Gauntlet | Found a transporter.
 44947 | Gauntlet | Found a transporter.
 44992 | Gauntlet | Found a transporter.
 45006 | Gauntlet | Found a transporter.
 45105 | Gauntlet | Found a transporter.
 45119 | Gauntlet | Found a transporter.
 45413 | Gauntlet | Identified the ring of Ymyprin {Wiz *Corrode rElec SInv
                  | Stlth+}
 45480 | Gauntlet | Reached skill level 10 in Dodging
 45487 | Gauntlet | Identified the +2 buckler of Vlad {Str+2 Dex+3}
 45809 | D:15     | Received a gift from Nemelex Xobeh
 45856 | D:15     | Found a staircase to the Depths.
 46872 | D:7      | Bought a scroll of fog for 52 gold pieces
 46872 | D:7      | Bought a scroll of magic mapping for 97 gold pieces
 46872 | D:7      | Bought a scroll of teleportation for 39 gold pieces
 46872 | D:7      | Bought a scroll of amnesia for 52 gold pieces
 46879 | D:7      | Learned a level 5 spell: Borgnjor's Vile Clutch
 47159 | D:14     | Noticed Snorg
 47164 | D:14     | Snorg changed into Snorg the yaktaur
 47164 | D:14     | Noticed Snorg
 47167 | D:14     | Killed Snorg the yaktaur
 47402 | D:14     | Received a gift from Nemelex Xobeh
 47408 | D:14     | Killed Louise
 47433 | D:14     | Noticed Lodul
 47434 | D:14     | Lodul changed into Lodul the wyvern
 47434 | D:14     | Noticed Lodul
 47442 | D:14     | Killed Lodul the wyvern
 47487 | D:14     | Reached skill level 1 in Necromancy
 47546 | D:14     | Noticed Frances
 47554 | D:14     | Killed Frances
 48354 | D:15     | Learned a level 6 spell: Iron Shot
 49087 | Elf:1    | Entered Level 1 of the Elven Halls
 49106 | Elf:1    | Reached skill level 19 in Earth Magic
 49402 | Elf:1    | Found a magical portal.
 49426 | WizLab   | Entered Wucad Mu's Monastery
 49435 | WizLab   | Received a gift from Nemelex Xobeh
 49596 | Elf:1    | Found Xufaputa's Antique Armour Emporium.
 49632 | Elf:1    | Bought a shiny helmet for 157 gold pieces
 50121 | Lair:5   | Killed holysushi's ghost
 50513 | Elf:1    | Reached skill level 5 in Spellcasting
 50641 | Elf:1    | Found a runed translucent gate.
 50641 | Elf:1    | Found a runed translucent gate.
 50641 | Elf:1    | Found a runed translucent gate.
 50641 | Elf:1    | Found a runed translucent gate.
 50641 | Elf:1    | Found a runed translucent gate.
 50643 | Elf:1    | Found a runed translucent gate.
 51100 | Elf:1    | Reached skill level 5 in Armour
 51110 | Elf:1    | Reached XP level 19. HP: 127/149 MP: 4/30
 51310 | Elf:1    | Received a gift from Nemelex Xobeh
 51776 | Abyss:4  | Cast into level 4 of the Abyss (a deep elf sorcerer)
 51792 | Abyss:4  | Found a corrupted altar of Lugonu.
 51939 | Abyss:4  | Got an abyssal rune of Zot
 52038 | Abyss:4  | Found a corrupted altar of Lugonu.
 52132 | Abyss:4  | Noticed a bone dragon
 52136 | Abyss:4  | Killed a bone dragon
 52137 | Abyss:4  | Reached skill level 5 in Necromancy
 52139 | Elf:2    | Escaped the Abyss
 52363 | Elf:2    | Found a runed translucent gate.
 52363 | Elf:2    | Found a runed translucent gate.
 52563 | Elf:2    | Found a runed translucent gate.
 52621 | Elf:2    | Received a gift from Nemelex Xobeh
 52692 | Elf:2    | Identified the +2 pair of boots "Homey" {+Inv Stlth+}
 52848 | Elf:2    | Found Kisiuwul's Jewellery Shop.
 52865 | Elf:2    | Identified the +1 chain mail "Naitt" {rF+ Str+3 Int+5}
 53195 | Elf:3    | Entered Level 3 of the Elven Halls
 54222 | Elf:3    | Received a gift from Nemelex Xobeh
 54969 | Elf:3    | Identified the amulet "Vuor" {Faith Slay+2 Stlth+}
 54980 | Elf:3    | Identified the +4 scale mail "Orebadd" {rPois rC+ Dex+4}
 55053 | Elf:3    | Identified the +2 scimitar "Omnezi" {flame, rPois Int-5
                  | Dex+2 Stlth+}
 55083 | Elf:3    | Identified the +3 morningstar "Hydrabane" {protect, rC+
                  | rN++ MP+9 Stlth-}
 55335 | Elf:3    | Identified the +10 whip of the Fae God {venom, +Blink Will+
                  | Str-2 Dex+3}
 55509 | Elf:3    | Found the +3 pair of gauntlets of War {Slay+5}
 55812 | Elf:3    | Found a shimmering blue altar of Sif Muna.
 55817 | Elf:3    | Reached skill level 10 in Conjurations
 55891 | Elf:3    | Identified the amulet of the Leaping Scavenger {RegenMP
                  | Drain +Inv rPois rCorr}
 56323 | Depths:1 | Entered Level 1 of the Depths
 56333 | Depths:1 | Reached XP level 20. HP: 106/157 MP: 29/33
 56334 | Depths:1 | Reached skill level 10 in Spellcasting
 56345 | Depths:1 | Noticed Bai Suzhen
 56420 | D:15     | Killed Bai Suzhen
 56462 | D:15     | Learned a level 6 spell: Statue Form
 56631 | D:15     | Learned a level 9 spell: Shatter
 56801 | Depths:1 | Received a gift from Nemelex Xobeh
 57104 | Depths:1 | Found a one-way gate to the infinite horrors of the Abyss.
 57123 | Depths:1 | Noticed Nikola
 57134 | Depths:1 | Killed Nikola
 57672 | Depths:2 | Received a gift from Nemelex Xobeh
 57775 | Depths:2 | Received a gift from Nemelex Xobeh
 58029 | Depths:2 | Noticed a golden dragon
 58123 | Depths:2 | Killed a golden dragon
 58399 | Depths:2 | Noticed Aizul
 58403 | Depths:2 | Killed Aizul
 58460 | Depths:2 | Received a gift from Nemelex Xobeh
 58669 | Depths:2 | Found a one-way gateway to a ziggurat.
 58947 | Depths:2 | Found a gateway to Hell.
 59804 | Depths:2 | Identified the +0 trident of the Four Xeniums {protect,
                  | Contam +Blink rN+ Int+3}
 59905 | Depths:2 | Found a one-way gate leading to the halls of Pandemonium.
 60227 | Depths:3 | Received a gift from Nemelex Xobeh
 60265 | Depths:3 | Reached skill level 1 in Shields
 61080 | Depths:3 | Identified the +11 falchion "Xubaymi" {vorpal, Dex+5}
 61206 | Depths:3 | Noticed Xtahua
 61209 | Depths:3 | Paralysed by Xtahua for 3 turns
 61220 | Depths:3 | Killed Xtahua
 61221 | Depths:3 | Gained mutation: Your touch may irresistibly damage your
                  | foes and sap their willpower. [demonic ancestry]
 61221 | Depths:3 | Reached XP level 21. HP: 142/163 MP: 13/36
 61355 | Depths:3 | Noticed a juggernaut
 61360 | Depths:3 | Killed a juggernaut
 61361 | Depths:3 | Reached skill level 10 in Armour
 61417 | Depths:3 | Got Bim Hewn's Opusculum on Glacial Superposition
 62081 | Depths:3 | Received a gift from Nemelex Xobeh
 62560 | Depths:4 | Entered Level 4 of the Depths
 62560 | Depths:4 | Noticed Parghit
 62568 | Depths:4 | Killed Parghit
 63056 | Depths:4 | Noticed a caustic shrike
 63057 | Depths:4 | Noticed a caustic shrike
 63058 | Depths:4 | Noticed a caustic shrike
 63061 | Depths:4 | Noticed a caustic shrike
 63063 | Depths:4 | Killed a caustic shrike
 63063 | Depths:4 | Killed a caustic shrike
 63063 | Depths:4 | Killed a caustic shrike
 63067 | Depths:4 | Killed a caustic shrike
 63253 | Depths:4 | Reached skill level 5 in Shields
 63255 | Depths:4 | Reached skill level 20 in Earth Magic
 63338 | Depths:4 | Identified the +5 chain mail of Indemnity {Harm *Corrode
                  | Regen+ Str+2 Dex+6}
 63386 | Depths:4 | Received a gift from Nemelex Xobeh
 63661 | Depths:4 | Found a sacrificial altar of Ru.
 64065 | Depths:4 | Noticed a golden dragon
 64074 | Depths:4 | Killed a golden dragon
 64406 | Depths:4 | Found a runed translucent door.
 64406 | Depths:4 | Found a gate to the Realm of Zot.
 64457 | Depths:4 | Found a runed translucent door.
 64459 | Depths:4 | Found a runed translucent door.
 64511 | Depths:4 | Found a runed translucent door.
 64529 | Depths:4 | Found a runed translucent door.
 64566 | Depths:4 | Found a runed translucent door.
 65111 | Vaults:1 | Entered Level 1 of the Vaults
 65155 | Vaults:1 | Gained mutation: You are powered by pain. [demonic
                  | ancestry]
 65155 | Vaults:1 | Reached XP level 22. HP: 155/170 MP: 16/39
 65294 | Vaults:1 | Found a flickering gateway to a bazaar.
 65317 | Bazaar   | Entered a bazaar
 65348 | Bazaar   | Found Plog's Book Emporium.
 65378 | Bazaar   | Found Fugys's Jewellery Boutique.
 65416 | Bazaar   | Found Ihear's Book Emporium.
 65424 | Bazaar   | Bought a book of Spatial Translocations for 380 gold pieces
 65427 | Bazaar   | Learned a level 2 spell: Blink
 65449 | Bazaar   | Found Bonucoz's Book Emporium.
 65514 | Bazaar   | Bought a book of the Moon for 400 gold pieces
 65514 | Bazaar   | Bought a book of Changes for 180 gold pieces
 66133 | Vaults:1 | Reached skill level 1 in Translocations
 66133 | Vaults:1 | Reached skill level 1 in Transmutations
 66176 | Vaults:1 | Received a gift from Nemelex Xobeh
 66439 | Vaults:1 | Noticed Asterion
 66454 | Vaults:1 | Killed Asterion
 66876 | Vaults:1 | Received a gift from Nemelex Xobeh
 67184 | Vaults:1 | Received a gift from Nemelex Xobeh
 67431 | Vaults:2 | Found a staircase to the Crypt.
 67797 | Vaults:2 | Received a gift from Nemelex Xobeh
 68178 | Vaults:2 | Received a gift from Nemelex Xobeh
 68554 | Vaults:2 | Learned a level 9 spell: Chain Lightning
 68974 | Vaults:2 | Reached skill level 21 in Earth Magic
 69079 | Vaults:2 | Reached skill level 5 in Transmutations
 69459 | Vaults:2 | Received a gift from Nemelex Xobeh
 70367 | Vaults:3 | Gained mutation: You are resistant to unholy torment.
                  | [demonic ancestry]
 70367 | Vaults:3 | Reached XP level 23. HP: 176/176 MP: 17/40
 70569 | Vaults:3 | Found the +2 shield of Resistance {rF++ rC++ Will++}
 70893 | Vaults:4 | Noticed Margery
 70909 | Vaults:4 | Killed Margery
 70983 | Vaults:4 | Reached skill level 10 in Shields
 71431 | Vaults:3 | Identified the +0 tower shield of Objectivity {Rampage
                  | Regen+ Str+4 Dex-3}
 71431 | Vaults:3 | Noticed Mennas
 71633 | Vaults:3 | Received a gift from Nemelex Xobeh
 71757 | Vaults:3 | Identified the +4 demon trident "Huimoe" {pain, Will++
                  | Dex+2}
 71771 | Vaults:3 | Killed Mennas
 72488 | Vaults:4 | Found Naparph's Antique Armour Shop.
 73059 | Vaults:4 | Identified the +9 shortbow of Mastyitu {vorpal, Dex+3}
 73474 | Vaults:4 | Identified the +0 hat of Vehumet's Hope {rElec rCorr Dex+4
                  | SInv}
 73530 | Vaults:4 | Found a radiant altar of Vehumet.
 73723 | Vaults:4 | Noticed Sojobo
 73731 | Vaults:4 | Killed Sojobo
 74372 | Slime:1  | Entered Level 1 of the Pits of Slime
 74388 | Slime:1  | Gained mutation: Armour fits poorly on your strangely
                  | shaped body. [a shining eye]
 74638 | Slime:2  | Received a gift from Nemelex Xobeh
 75433 | Slime:5  | Entered Level 5 of the Pits of Slime
 75525 | Slime:5  | Noticed the Royal Jelly
 75919 | Swamp:3  | Killed SirFunk's ghost
 76322 | Orc:2    | Bought a scroll of fear for 64 gold pieces
 76322 | Orc:2    | Bought a scroll of fog for 64 gold pieces
 76322 | Orc:2    | Bought a scroll of immolation for 64 gold pieces
 76322 | Orc:2    | Bought a scroll of immolation for 64 gold pieces
 76322 | Orc:2    | Bought a scroll of immolation for 64 gold pieces
 76327 | Orc:2    | Bought 2 potions of magic for 240 gold pieces
 76327 | Orc:2    | Bought a potion of invisibility for 120 gold pieces
 76327 | Orc:2    | Bought a potion of might for 60 gold pieces
 76805 | Slime:5  | Reached skill level 15 in Conjurations
 76975 | Slime:5  | Killed the Royal Jelly
 76983 | Slime:5  | Reached XP level 24. HP: 24/184 MP: 28/41
 76989 | Slime:5  | Received a gift from Nemelex Xobeh
 77209 | Slime:5  | Reached skill level 22 in Earth Magic
 77921 | Slime:5  | Got Bofupunk's Cyclopedia of the Unstable Blizzard
 77935 | Slime:5  | Got a slimy rune of Zot
 77965 | Slime:5  | Identified the +6 battleaxe "Xedymnei" {flame, rElec rC+
                  | Will+ SInv}
 77967 | Slime:5  | Got Torad's Parchment of Bewitchment
 77981 | Slime:5  | Identified the +4 longbow "Yzyimof" {vorpal, rElec rPois
                  | rCorr Str-4}
 77985 | Slime:5  | Found the +3 warlock's mirror {reflect}
 78003 | Slime:5  | Identified the ring "Hynnud" {rN+ Will+}
 78504 | Zot:1    | Entered Level 1 of the Realm of Zot
 78552 | Zot:1    | Received a gift from Nemelex Xobeh
 79067 | Zot:1    | Learned a level 7 spell: Spellforged Servitor
 79126 | Zot:1    | Reached skill level 1 in Summonings
 79815 | Zot:1    | Received a gift from Nemelex Xobeh
 80382 | Zot:2    | Reached skill level 5 in Summonings
 81725 | Zot:2    | Received a gift from Nemelex Xobeh
 82219 | Zot:3    | Acquired the ring "Zeuluwn" {EV+4 Str-2 Int+8}
 82414 | Zot:3    | Received a gift from Nemelex Xobeh
 83638 | Zot:3    | Reached skill level 10 in Summonings
 83765 | Zot:4    | Noticed an ancient lich
 83774 | Zot:4    | Noticed a Killer Klown
 83775 | Zot:4    | Gained mutation: You can hurl damnation. [demonic ancestry]
 83775 | Zot:4    | Reached XP level 25. HP: 187/189 MP: 11/41
 83776 | Zot:4    | Noticed a Killer Klown
 83779 | Zot:4    | Noticed a Killer Klown
 83848 | Zot:5    | Entered Level 5 of the Realm of Zot
 83875 | Zot:4    | Received a gift from Nemelex Xobeh
 83980 | Zot:4    | Reached skill level 10 in Evocations
 84455 | Zot:4    | Killed a Killer Klown
 84846 | Zot:4    | Killed a Killer Klown
 85173 | Zot:4    | Killed a Killer Klown
 86622 | Zot:4    | Killed an ancient lich
 87416 | Depths:4 | Lost mutation: Armour fits poorly on your strangely shaped
                  | body. [potion of mutation]
 87416 | Depths:4 | Gained mutation: You are partially covered in large bone
                  | plates. (SH +4) [potion of mutation]
 87416 | Depths:4 | Gained mutation: You have a somewhat thin skeletal
                  | structure. (Dex +2, Stealth+) [potion of mutation]
 88033 | Zot:5    | Noticed a dread lich
 88144 | Zot:5    | Killed a dread lich
 88310 | Zot:5    | Noticed a dread lich
 88314 | Zot:5    | Received a gift from Nemelex Xobeh
 88317 | Zot:5    | Killed a dread lich
 88478 | Zot:5    | Noticed a Killer Klown
 88546 | Zot:5    | Killed a Killer Klown
 88549 | Zot:5    | Noticed an ancient lich
 88562 | Zot:5    | Killed an ancient lich
 88858 | Zot:5    | Noticed an orb of fire
 88862 | Zot:5    | Gained mutation: Your spells are a little easier to cast,
                  | but a little less powerful. [an orb of fire]
 88862 | Zot:5    | Gained mutation: Your muscles are strong. (Str +4, Int/Dex
                  | -1) [an orb of fire]
 88865 | Zot:5    | Killed an orb of fire
 88886 | Zot:5    | Noticed an orb of fire
 88893 | Zot:5    | Noticed an ancient lich
 88899 | Zot:5    | Killed an ancient lich
 88904 | Zot:5    | Killed an orb of fire
 88908 | Zot:5    | Reached skill level 15 in Shields
 89365 | Zot:5    | Noticed a dread lich
 89400 | Zot:5    | Noticed a dread lich
 89409 | Zot:5    | Killed a dread lich
 89531 | Zot:5    | Noticed a Killer Klown
 89534 | Zot:5    | Noticed an orb of fire
 89537 | Zot:5    | Killed a Killer Klown
 89538 | Zot:5    | Reached XP level 26. HP: 180/204 MP: 29/41
 89546 | Zot:5    | Killed a dread lich
 89547 | Zot:5    | Killed an orb of fire
 91547 | Vaults:5 | Entered Level 5 of the Vaults
 91553 | Vaults:5 | Identified the +4 demon trident of Dismemberment {freeze,
                  | +Blink rF+ Int+2}
 91584 | Vaults:5 | Noticed a dread lich
 91603 | Vaults:5 | Killed a dread lich
 91604 | Vaults:5 | Reached skill level 15 in Summonings
 92112 | Vaults:5 | Received a gift from Nemelex Xobeh
 92187 | Vaults:5 | Identified the +8 halberd "Ybeecoh" {vorpal, Str+4}
 92805 | Vaults:5 | Reached skill level 23 in Earth Magic
 93509 | Vaults:5 | Noticed an ancient lich
 93513 | Vaults:5 | Killed an ancient lich
 93635 | Vaults:5 | Identified the +9 scimitar of the Lair of Beasts {drain,
                  | Contam rF- rCorr Str+6}
 93889 | Vaults:5 | Identified the +11 sling of Earthquakes {freeze, MP+9}
 94255 | Vaults:5 | Got a silver rune of Zot
 94388 | Vaults:5 | Received a gift from Nemelex Xobeh
 94938 | Zot:5    | Got the Orb of Zot
 95000 | Zot:4    | Noticed Bockau Xasy the pandemonium lord
 95000 | Zot:4    | Noticed an ancient lich
 95041 | Zot:3    | Noticed Xikhles the pandemonium lord
 95202 | Depths:4 | Noticed Ytoddufy the pandemonium lord
 95207 | Depths:4 | Killed Ytoddufy the pandemonium lord
 95209 | Depths:4 | Noticed Tesyr the pandemonium lord
 95217 | Depths:4 | Killed Tesyr the pandemonium lord
 95225 | Depths:4 | Noticed Deoqeon the pandemonium lord
 95613 | D:5      | Reached XP level 27. HP: 197/217 MP: 38/41
 95774 | D:$      | Escaped with the Orb!

Illustrated notes

Levels and vault maps discovered:
D:1:      eino_arrival_druids_welcome, layout_loops_cross,
          dreamdust_ecumenical_altar_angels_and_demons
D:2:      layout_basic
D:3:      layout_rooms, due_unseen_surprise
D:4:      layout_rooms, mainiacjoe_overflow_big_doors, grunt_ministairs_3
D:5:      layout_rooms, minmay_temple_entry_junction,
          kennysheep_opposing_triangles, uniq_menkaure, uniq_prince_ribbit1,
          uniq_edmund
D:6:      layout_basic, mainiacjoe_overflow_small_starburst, bloody_makhleb,
          serial_shops, nicolae_stop_n_shop_1, shop, nicolae_shop_trees,
          nicolae_shop_advertising_works [nicolae_subvault_shop_adworks], shop,
          minmay_pentangle
D:7:      layout_gridville, mainiacjoe_overflow_paths, serial_shops, shop,
          kennysheep_windowed_goal
D:8:      layout_loops_ring, special_room [special_room_orc]
D:9:      layout_cave_pods, mainiacjoe_overflow_surrounded_room, david_orc_5,
          uniq_pikel
D:10:     minmay_recursive_quarters, layout_basic, minmay_lair_entry_grove,
          uniq_nergalle
D:11:     layout_irregular_city, lightli_corner_chamber
D:12:     layout_stronghold
D:13:     layout_stronghold, david_vaults_5, grunt_decor_fettered, uniq_azrael,
          uniq_sonja
D:14:     layout_small_grid, nicolae_kite_square_tiling_tiny,
          grunt_ministairs_9, nicolae_twisting_strands, st_stairs_9, uniq_lodul,
          uniq_louise, uniq_snorg, uniq_frances
D:15:     gammafunk_depths_entry_grave, layout_long_grid, reono_crystal_passage,
          gauntlet_entry_generic
Temple:   lightli_temple_of_artemis
Lair:1:   layout_regular_city
Lair:2:   layout_loops_ring
Lair:3:   gammafunk_lair_enchanted_lake, layout_cave_pods,
          palyth_hydra_swamp_entry, minmay_snake_entry_guardpost_small,
          lemuel_fruit_fields
Lair:4:   layout_regular_city, slime_entry_1, dreamdust_deal_with_the_devil,
          fungi_pond_lemuel, minmay_lair_oklob_bushes, grunt_megastairs_2,
          uniq_nessos
Lair:5:   minmay_lair_end_enchanted_forest, layout_concentric_octagons,
          gammafunk_ghost_arena, minmay_shattered_shrine
Swamp:1:  nicolae_swamp_standing_stones, layout_basic_swamp,
          nicolae_swamp_little_swirl, swamp_pool2
Swamp:2:  layout_falls_marsh, evilmike_swamp_ruin_house_2, swamp_pool2
Swamp:3:  layout_basic_swamp, ebering_ghost_inner_flame,
          hangedman_swamp_ruin_wall
Swamp:4:  swamp, layout_basic_swamp
Snake:1:  layout_basic, basic_altar
Snake:2:  layout_honeycomb, nicolae_snake_gridmaze_entwining
Snake:3:  layout_misc_corridors, nicolae_elevator_lobby_asterisk,
          serial_bayou_shore_b
Snake:4:  snake_pit, layout_basic
Slime:1:  nicolae_slime_jelly_donut, layout_caves
Slime:2:  layout_caves
Slime:3:  layout_caves, nicolae_slime_phagocytosis
Slime:4:  layout_caves, nicolae_slime_barrier
Slime:5
Orc:1:    dreamdust_dug_too_deep, layout_caves
Orc:2:    st_orc_rangers, layout_diamond_mine, nicolae_orc_lava_tube,
          uniq_saint_roka
Elf:1:    layout_loops_corners, mu_enter_wizlab_7, serial_shops, shop_statue,
          orc_legates, grunt_ministairs_1
Elf:2:    elven_hall_of_blades_hangedman_original [nicolae_blade_bullseye],
          layout_onion_city, serial_shops, nicolae_stop_n_shop_1, st_stairs_5,
          uniq_agnes
Elf:3:    minmay_elf_hall_not_hex, layout_loops_cross, grunt_ministairs_3,
          hangedman_summoners_spam
Vaults:1: v_misc_25, v_rooms_5, ontoclasm_vaults_chip, vaults_dpeg_ring,
          ontoclasm_vaults_decontamination, layout_vaults_omnigrid,
          serial_shops, freezing_bzr, uniq_asterion
Vaults:2: st_greater_box_1, nicolae_vaults_little_squares_3,
          minmay_crypt_entry_simple_corners, nicolae_vaults_three_branches,
          ontoclasm_vaults_fault, nicolae_vaults_border_crossing,
          hangedman_vaults_slice, vaults_mumra_hex, layout_vaults_chaotic_city
Vaults:3: v_misc_2, v_misc_1, vaults_room_fours,
          nicolae_vaults_little_squares_2, nicolae_vaults_alarming,
          nicolae_vaults_network_quinsquares
          [nicolae_vaults_network_quincunx_subvault,
          nicolae_vaults_network_quincunx_subvault,
          nicolae_vaults_network_quincunx_subvault,
          nicolae_vaults_network_quincunx_subvault], ontoclasm_vaults_spin,
          vaults_room_semicircle, ontoclasm_vaults_ligature,
          ontoclasm_vaults_misaligned, layout_vaults_maze_bifur, uniq_mennas
Vaults:4: v_misc_4, grunt_tower_of_power, v_misc_14, dpeg_vaults_monster_box,
          nicolae_vaults_yaktaur_gun_rack, nicolae_vaults_little_ls,
          nicolae_vaults_what_the_h, ontoclasm_vaults_ring_large, v_misc_27,
          nicolae_vaults_puzzle_piece, grunt_vaults_focal,
          vaults_room_ringed_pool, ontoclasm_vaults_twist,
          nicolae_vaults_specimen_jars, layout_vaults_omnibox, serial_shops,
          shop, uniq_sojobo, uniq_margery
Vaults:5
Depths:1: layout_gridlike, abyss_entry, hellmouth_1, hex_intersection,
          chequers_serial_rivers_micro_b, lemuel_old_faithful, uniq_nikola,
          uniq_bai_suzhen
Depths:2: minmay_the_grid_four_pointed_star_mashed
          [minmay_the_grid_triangle_9x9_dagger,
          minmay_the_grid_triangle_9x9_negative_grid,
          minmay_the_grid_triangle_9x9_intruding_spiral,
          minmay_the_grid_triangle_9x9_cache,
          minmay_the_grid_prize_shrinking_boxes], layout_gridlike,
          enter_ziggurat_f, abyss_entry, hell_entry, grunt_pan_entry_zigzag,
          uniq_aizul
Depths:3: cheibrodos_hall_of_evolution, layout_gridlike,
          hangedman_abyss_entry_splay, hell_entry, serial_bayou_shore_a,
          infiniplex_staircase_pool_2, uniq_xtahua
Depths:4: evilmike_zot_entry_castle, layout_small_grid, nicolae_ru_awakened_eye,
          minmay_room_of_horrors, hell_entry, uniq_parghit
Zot:1:    layout_gridlike, grunt_megastairs_3
Zot:2:    layout_onion_interference, grunt_megastairs_1
Zot:3:    layout_concentric_octagons, grunt_megastairs_5
Zot:4:    ebering_klown_carousel, layout_cathedral_of_symmetry,
          st_single_dragon_hoard_2
Zot:5:    layout_misc_corridors, grunt_ministairs_9

Skill      XL: |  1  2  3  4  5  6  7  8  9 10 11 12 13 14 15 16 17 18 19 20 21 22 23 24 25 26 27 |
---------------+----------------------------------------------------------------------------------+-----
Fighting       | 2 4 7 9 10 12 13 | 13.7
Evocations     | 4 5 9 12 | 12.0
Stealth        | 2 3 4 6 8 10 11 12 13 | 13.0
Short Blades   | 2 3 4 6 7 8 9 10 | 10.0
Earth Magic    | 2 3 5 6 7 8 9 11 13 15 17 19 20 21 22 23 | 23.9
Conjurations   | 1 5 6 7 8 10 12 13 15 | 15.0
Invocations    | 4 7 10 13 14 15 | 15.0
Spellcasting   | 3 6 9 11 13 14 | 14.0
Armour         | 3 4 5 7 9 10 | 10.0
Dodging        | 2 5 8 10 | 10.0
Necromancy     | 4 7 |  7.0
Shields        | 2 7 9 11 13 15 16 17 | 17.0
Translocations | 4 |  4.0
Transmutations | 5 8 9 |  9.3
Summonings     | 10 13 15 | 15.0

Action                   |  1- 3 |  4- 6 |  7- 9 | 10-12 | 13-15 | 16-18 | 19-21 | 22-24 | 25-27 || total
-------------------------+-------+-------+-------+-------+-------+-------+-------+-------+-------++-------
Melee: Club              |    16 |       |       |       |       |       |       |       |       ||    16
       Punch             |     3 |     1 |     2 |     8 |       |     1 |     1 |       |       ||    16
       Spear             |    22 |     1 |       |       |       |       |       |       |       ||    23
       Staff             |     9 |       |       |       |       |    12 |    23 |   105 |    59 ||   208
       Short sword       |       |    87 |   153 |   278 |   200 |   140 |       |       |       ||   858
       Touch             |       |    19 |    22 |    43 |    22 |    18 |     7 |       |       ||   131
       Dagger            |       |       |       |    15 |     6 |    75 |    40 |    46 |    20 ||   202
 Fire: Sling             |   128 |     3 |       |       |       |       |       |       |       ||   131
Throw: Dart              |       |     2 |       |     1 |       |       |     2 |       |       ||     5
       Throwing net      |       |     2 |       |       |       |       |     2 |       |       ||     4
 Cast: Sandblast         |       |     3 |   138 |    36 |       |       |       |       |       ||   177
       Stone Arrow       |       |       |     2 |   187 |   369 |   791 |    86 |       |       ||  1435
       Lee's Rapid Decon |       |       |       |       |     5 |    74 |   308 |   194 |    22 ||   603
       Passwall          |       |       |       |       |     1 |       |       |       |       ||     1
       Petrify           |       |       |       |       |       |     1 |       |       |       ||     1
       Borgnjor's Vile C |       |       |       |       |       |     7 |   175 |   194 |   162 ||   538
       Iron Shot         |       |       |       |       |       |       |   200 |   557 |   326 ||  1083
       Statue Form       |       |       |       |       |       |       |     4 |     4 |     1 ||     9
       Blink             |       |       |       |       |       |       |       |     3 |     1 ||     4
       Spellforged Servi |       |       |       |       |       |       |       |       |    41 ||    41
       Shatter           |       |       |       |       |       |       |       |       |    12 ||    12
Invok: Draw Destruction  |       |       |     1 |     5 |    16 |    56 |    34 |    37 |     9 ||   158
       Draw Summoning    |       |       |       |       |     5 |     8 |    12 |    11 |    11 ||    47
       Stack Five        |       |       |       |       |       |     1 |       |       |       ||     1
       Draw Escape       |       |       |       |       |       |       |     2 |       |     1 ||     3
       Triple Draw       |       |       |       |       |       |       |     1 |       |       ||     1
 Abil: Hurl Damnation    |       |       |       |       |       |       |       |       |     3 ||     3
Evoke: Wand              |       |     6 |     1 |     5 |     6 |     7 |     4 |     3 |     7 ||    39
       Condenser vane    |       |       |       |       |     4 |     2 |     1 |     5 |     4 ||    16
       Tin of tremorston |       |       |       |       |     3 |     1 |     4 |     4 |     3 ||    15
       Phantom mirror    |       |       |       |       |       |       |     3 |       |     3 ||     6
       Phial of floods   |       |       |       |       |       |       |       |     2 |       ||     2
       Box of beasts     |       |       |       |       |       |       |       |     1 |     5 ||     6
  Use: Scroll            |       |     3 |     1 |     4 |    18 |     8 |     5 |     9 |    12 ||    60
       Potion            |       |     4 |       |     1 |     3 |       |     2 |     7 |     5 ||    22
 Stab: Sleeping          |       |     4 |     7 |    20 |    20 |    12 |     1 |       |     2 ||    66
       Held in net/web   |       |     1 |       |       |       |       |     1 |       |       ||     2
       Paralysed         |       |     2 |    45 |    61 |    81 |   124 |     9 |    30 |    16 ||   368
       Distracted        |       |       |     1 |       |     1 |     1 |     1 |       |     6 ||    10
       Petrified         |       |       |       |       |       |     1 |       |     1 |       ||     2
       Petrifying        |       |       |       |       |       |       |       |     1 |       ||     1
Armor: Leather armour    |    20 |    19 |    10 |     3 |   143 |    88 |       |       |       ||   283
       Ring mail         |       |       |    66 |   116 |       |       |       |       |       ||   182
       Swamp dragon scal |       |       |       |       |       |   135 |       |       |       ||   135
       Chain mail        |       |       |       |       |       |    52 |   141 |   117 |    38 ||   348
       Skin              |       |       |       |       |       |       |    21 |    12 |       ||    33
       Troll leather arm |       |       |       |       |       |       |       |       |    35 ||    35
Dodge: Dodged            |    78 |    51 |    85 |   112 |   184 |   405 |   189 |   220 |   144 ||  1468
Block: Buckler           |       |       |       |       |       |       |    27 |    54 |       ||    81
       Kite shield       |       |       |       |       |       |       |       |   160 |   247 ||   407

Table legend: (Time is in decaauts)
 A = Elapsed time spent in this place.
 B = Non-inter-level travel time spent in this place.
 C = Inter-level travel time spent in this place.
 D = Time resting spent in this place.
 E = Time spent auto-exploring this place.
 F = Levels seen in this place.
 G = Mean time per level.
                   A        B        C        D        E       F      G
               +--------+--------+--------+--------+--------+-----+--------+
         Total |  96355 |  84272 |  12083 |  31721 |  34707 |  57 | 1690.4 |
       Dungeon |  24568 |  20440 |   4128 |   7334 |   9063 |  15 | 1637.9 |
        Temple |    131 |    131 |      0 |    114 |      0 |   1 |  131.0 |
          Lair |   9156 |   6867 |   2289 |   1950 |   3664 |   5 | 1831.2 |
         Swamp |   5977 |   5449 |    528 |   2283 |   2026 |   4 | 1494.2 |
     Snake Pit |   9207 |   8730 |    477 |   4866 |   2398 |   4 | 2301.8 |
    Slime Pits |   3013 |   2763 |    250 |   1247 |    731 |   5 |  602.6 |
  Orcish Mines |   3351 |   2904 |    447 |    976 |   1327 |   2 | 1675.5 |
   Elven Halls |   5693 |   5373 |    320 |   1866 |   2189 |   3 | 1897.7 |
        Vaults |  11728 |  10861 |    867 |   3004 |   5364 |   5 | 2345.6 |
        Depths |   9582 |   8114 |   1468 |   3022 |   3346 |   4 | 2395.5 |
           Zot |  12386 |  11082 |   1304 |   4836 |   3957 |   5 | 2477.2 |
         Abyss |    344 |    344 |      0 |    139 |      0 |   1 |  344.0 |
        Bazaar |    467 |    467 |      0 |      0 |    360 |   1 |  467.0 |
        Wizlab |     63 |     63 |      0 |     20 |      0 |   1 |   63.0 |
      Gauntlet |    681 |    681 |      0 |     62 |    280 |   1 |  681.0 |
               +--------+--------+--------+--------+--------+-----+--------+

Top non-repeatable levels by time:
 Snake:4: 4166 daAuts
   Zot:5: 3962 daAuts
  Lair:3: 3115 daAuts
Depths:2: 3054 daAuts
    D:15: 2909 daAuts
Depths:4: 2817 daAuts
Vaults:5: 2786 daAuts
   Zot:1: 2585 daAuts
Depths:3: 2527 daAuts
   Elf:3: 2526 daAuts
   Orc:2: 2501 daAuts
Vaults:2: 2497 daAuts
  Lair:5: 2490 daAuts
Vaults:3: 2473 daAuts
     D:9: 2416 daAuts
